 Dungeon Crawl Stone Soup version 0.28-a0-691-gad6df49 (webtiles) character file.

Game seed: 11581650482018666223

110 Blackhawk the Skirmisher (level 4, -14/36 HPs)
             Began as a Demonspawn Abyssal Knight on Oct 20, 2021.
             Was a Follower of Lugonu.
             Killed from afar by an orc (18 damage)
             ... with a bolt of acid
             ... on level 3 of the Dungeon.
             The game lasted 00:04:12 (3340 turns).

Blackhawk the Skirmisher (DsAK)                     Turns: 3340, Time: 00:04:12

Health: -14/36     AC:  5    Str: 14    XL:     4   Next: 61%
Magic:  6/6        EV: 11    Int: 12    God:    Lugonu [*.....]
Gold:   116        SH:  0    Dex: 13    Spells: 3/3 levels left

rFire   . . .      SeeInvis .   a - +1 hand axe
rCold   . . .      Faith    .   (no shield)
rNeg    . . .      Spirit   .   b - +0 leather armour
rPois   .          Reflect  .   m - +1 helmet
rElec   .          Harm     .   (no cloak)
rCorr   .          Rampage  .   (no gloves)
Will    .....                   (no boots)
Stlth   +.........              (no amulet)
HPRegen 0.12/turn               (no ring)
MPRegen 0.10/turn               (no ring)

@: no status effects
A: claws 2
a: Renounce Religion, Depart the Abyss


You were on level 3 of the Dungeon.
You worshipped Lugonu.
Lugonu was aware of your devotion.
You visited 1 branch of the dungeon, and saw 3 of its levels.
You visited the Abyss 1 time.

You collected 116 gold pieces.

Inventory:

Hand Weapons
 a - a +1 hand axe (weapon)
Missiles
 d - 17 poisoned darts (quivered)
Armour
 b - a +0 leather armour (worn)
 m - a +1 helmet (worn)
Scrolls
 f - 2 scrolls of magic mapping {unknown}
 h - 2 scrolls of fog {unknown}
 i - 2 scrolls of identify {unknown}
 l - 2 scrolls of blinking {unknown}
 o - a scroll of teleportation {unknown}
 p - a scroll of amnesia {unknown}
 q - a scroll of fear {unknown}
Potions
 c - a potion of haste {unknown}
 e - a potion of brilliance {unknown}
 g - 2 potions of curing {unknown}
 j - a potion of ambrosia {unknown}
 k - 2 potions of flight {unknown}
 n - a potion of heal wounds {unknown}


   Skills:
 + Level 3.6 Fighting
 + Level 2.5 Axes
 + Level 2.4 Armour
 + Level 1.9 Dodging
 + Level 3.5 Invocations


You had 3 spell levels left.
You didn't know any spells.
Your spell library was empty.

Dungeon Overview and Level Annotations

Branches:
Dungeon (3/15)

Altars:


Innate Abilities, Weirdness & Mutations

You have very sharp fingernails.


Message History

The bat hits you.
The orc zaps a wand.
The bolt of acid hits you!!
Ouch! That really hurt!
* * * LOW HITPOINT WARNING * * *
You are too injured to fight recklessly!
You are too injured to fight recklessly!
You are too injured to fight recklessly!
You are too injured to fight recklessly!
You are too injured to fight recklessly!
You are too injured to fight recklessly!
You are too injured to fight recklessly!
You are too injured to fight recklessly!
You are too injured to fight recklessly!
You are too injured to fight recklessly!
You are too injured to fight recklessly!
You barely miss the orc.
The orc is moderately wounded.
You closely miss the bat. The bat hits you.
* * * LOW HITPOINT WARNING * * *
The orc closely misses you.
You closely miss the orc.
The orc is moderately wounded.
The bat hits you but does no damage. The orc barely misses you.
The orc hits you but does no damage.
You closely miss the orc.
The orc is moderately wounded.
You miss the bat. The bat hits you but does no damage.
An orc comes into view. It is wielding a +0 club.
The orc hits you with a +0 club.
* * * LOW HITPOINT WARNING * * *
The orc shouts!
You hit the orc but do no damage.
The orc is lightly wounded.
You closely miss the bat. The bat closely misses you.
The bat hits you but does no damage. The orc closely misses you.
You closely miss the orc.
The orc is lightly wounded.
You hit the bat. The bat barely misses you.
The orc zaps a wand.
The bolt of acid hits you!!
Ouch! That really hurt!
You die...

#.##....................
#.##.........####.......
#.####....##.# #.......
#.####....# # #.).....
#.........# ##.#####
######....# #..####
#....# ##.....
######....# #.....
......b@..# #.....
.......o..# ##....
............. #....
..........##..# #....
..........# .# ###.†..
..o.......# # #...†..
..........# #.###..
........... #.# ##. #.#
#.


You could see 2 orcs and a bat.

Vanquished Creatures
  Robin (D:2)
  3 adders
  2 worms (D:2)
  A dart slug (D:3)
  9 orcs (D:3)
  6 ball pythons
  7 bats
  6 endoplasms
  2 giant cockroaches
  7 goblins
  4 hobgoblins
  A quokka (D:2)
  2 kobolds
  2 rats (D:3)
53 creatures vanquished.

Notes
Turn   | Place    | Note
-------+----------+-------------------------------------------
     0 | Abyss:1  | Blackhawk the Demonspawn Abyssal Knight began the quest for
                  | the Orb.
     0 | Abyss:1  | Reached XP level 1. HP: 18/18 MP: 2/2
     0 | D:1      | Escaped the Abyss
   262 | D:1      | Reached skill level 1 in Dodging
   265 | D:1      | Found a faded altar of an unknown god.
   609 | D:1      | Gained mutation: You have sharp fingernails. [demonic
                  | ancestry]
   609 | D:1      | Reached XP level 2. HP: 21/24 MP: 4/4
  1178 | D:2      | Reached * piety under Lugonu
  1479 | D:2      | Noticed Robin
  1483 | D:2      | Reached XP level 3. HP: 25/29 MP: 5/5
  1493 | D:2      | Killed Robin
  2079 | D:3      | Gained mutation: You have very sharp fingernails. [demonic
                  | ancestry]
  2079 | D:3      | Reached XP level 4. HP: 9/35 MP: 6/6
  3340 | D:3      | Killed from afar by an orc

Illustrated notes

Levels and vault maps discovered:
D:1:      dpeg_arrival_short_road, layout_basic, ebering_ecumenical_altar_box
D:2:      layout_loops_ring, uniq_robin
D:3:      layout_basic

Skill      XL: |  1  2 |
---------------+-------+-----
Dodging        | 1 |  1.9
Axes           | 2 |  2.5
Armour         | 2 |  2.4
Invocations    | 3 |  3.5
Fighting       | |  3.6

Action                   |  1- 3 |  4- 6 || total
-------------------------+-------+-------++-------
Melee: Hand axe          |   113 |    79 ||   192
Invok: Depart the Abyss  |     1 |       ||     1
Armor: Leather armour    |    36 |    34 ||    70
Dodge: Dodged            |    72 |    64 ||   136

Table legend: (Time is in decaauts)
 A = Elapsed time spent in this place.
 B = Non-inter-level travel time spent in this place.
 C = Inter-level travel time spent in this place.
 D = Time resting spent in this place.
 E = Time spent auto-exploring this place.
 F = Levels seen in this place.
 G = Mean time per level.
                   A        B        C        D        E       F      G
               +--------+--------+--------+--------+--------+-----+--------+
         Total |   3375 |   3339 |     36 |      0 |   2933 |   4 |  843.8 |
       Dungeon |   3375 |   3339 |     36 |      0 |   2933 |   3 | 1125.0 |
         Abyss |      0 |      0 |      0 |      0 |      0 |   1 |    0.0 |
               +--------+--------+--------+--------+--------+-----+--------+

Top non-repeatable levels by time:
     D:3: 1367 daAuts
     D:2: 1236 daAuts
     D:1: 771 daAuts
